 Dungeon Crawl Stone Soup version 0.28.0 (console) character file.

Game seed: 16923435882591047

3260 ryathie the Cleaver (level 10, -6/64 HPs)
             Began as a Gargoyle Fighter on Feb 16, 2022.
             Was a Believer of the Shining One.
             Killed by divine providence
             ... invoked by an orc priest
              (14 damage)
             ... on level 9 of the Dungeon.
             The game lasted 00:18:50 (4701 turns).

ryathie the Cleaver (Gargoyle Fighter)              Turns: 4701, Time: 00:18:51

Health: -6/64      AC: 22    Str: 26    XL:     10   Next: 0%
Magic:  10/10      EV: 10    Int:  9    God:    the Shining One [**....]
Gold:   246        SH:  0    Dex: 13    Spells: 9/9 levels left

rFire   + . .      SeeInvis .   d - +2 battleaxe
rCold   . . .      Faith    .   (shield currently unavailable)
rNeg    + + .      Spirit   .   b - +1 scale mail
rPois   ∞          Reflect  .   u - +0 helmet
rElec   +          Harm     .   s - +0 cloak
rCorr   .          Rampage  .   D - +0 pair of gloves
Will    .....                   q - +1 pair of boots
Stlth   ..........              (no amulet)
HPRegen 0.20/turn               m - ring of protection from fire
MPRegen 0.12/turn               r - +6 ring of strength

@: glowing
A: sickness immunity, AC +7, negative energy resistance 1, electricity
resistance, torment resistance 1, petrification resistance
a: Renounce Religion, Divine Shield


You were on level 9 of the Dungeon.
You worshipped the Shining One.
The Shining One was pleased with you.
You visited 2 branches of the dungeon, and saw 10 of its levels.

You collected 246 gold pieces.

Inventory:

Hand Weapons
 a - a +1 war axe
 d - a +2 battleaxe (weapon)
Missiles
 i - 18 poisoned darts (quivered)
 x - a throwing net
Armour
 b - a +1 scale mail (worn)
 c - a +0 buckler
 q - a +1 pair of boots (worn)
 s - a +0 cloak (worn)
 u - a +0 helmet (worn)
 D - a +0 pair of gloves (worn)
Jewellery
 k - a ring of ice
 m - a ring of protection from fire (left hand)
 p - a ring of magical power
 r - a +6 ring of strength (right hand)
Wands
 w - a wand of polymorph (6)
 z - a wand of flame (26)
 B - a wand of digging (5)
 C - a wand of iceblast (1)
Scrolls
 f - a scroll of immolation
 n - 6 scrolls of identify
 o - 3 scrolls of amnesia
 t - a scroll of enchant weapon
 y - a scroll of blinking
 A - a scroll of teleportation
Potions
 e - a potion of curing
 g - a potion of cancellation
 h - 3 potions of heal wounds
 j - a potion of resistance
 l - 2 potions of mutation
 v - 2 potions of brilliance {unknown}


   Skills:
 - Level 8.0 Fighting
 * Level 9.3 Axes
 - Level 2.0 Throwing
 + Level 7.6 Armour
 - Level 3.2 Shields


You had 9 spell levels left.
You didn't know any spells.
Your spell library was empty.

Dungeon Overview and Level Annotations

Branches:
Dungeon (9/15)             Temple (1/1) D:7
   Lair: D:8-11         Orc: D:9-12

Altars:
Cheibriados
Dithmenos
Elyvilon
Gozag
Hepliaklqana
Kikubaaqudgha
Nemelex Xobeh
Qazlal
Ru
Sif Muna
Trog
Uskayaw
Vehumet
Wu Jian
Xom
Yredelemnul
The Shining One

Shops:
D:4 :

Annotations:
D:3 Sigmund
D:5 3 runed translucent doors, AlmostDecent's ghost, novice DjCj; DemonSlayer's ghost, novice DECj; HilariousDeathArtist's ghost, amateur BaNe; LobsterGuardian's ghost, novice PaFi; psuckher's ghost, weakling TrDe
D:7 Duvessa


Innate Abilities, Weirdness & Mutations

You are immune to sickness and miasma.
Your stone body is resilient. (AC +7)
You are immune to poison.
You resist negative energy. (rN+)
You are resistant to electric shocks. (rElec)
You are resistant to unholy torment.
You are immune to petrification.


Message History

The two-headed ogre is severely wounded.
The orc priest begins to cast a cantrip, but forgets the words!
The two-headed ogre closely misses you.
The two-headed ogre hits you with a +0 giant club!!
You slash the two-headed ogre!
The two-headed ogre is almost dead.
Something unseen opens the door.
The two-headed ogre closely misses you.
The two-headed ogre hits you with a +0 giant club!
An acid dragon comes into view.
A centaur comes into view.
You are too injured to fight recklessly!
The centaur shouts!
You slash the two-headed ogre!
You kill the two-headed ogre!
The killer bee stings you.
The centaur wields a +0 shortbow.
The centaur shoots an arrow.
The arrow hits you but does no damage.
The orc priest mumbles some strange prayers to Beogh against you.
Beogh smites you!
* * * LOW HITPOINT WARNING * * *
The killer bee barely misses you.
The centaur shoots an arrow.
The arrow hits you!
* * * LOW HITPOINT WARNING * * *
Your Axes skill increases to level 9!
You have reached level 10!
The centaur shoots an arrow.
The arrow hits you but does no damage.
The killer bee stings you but does no damage.
You feel much better.
The killer bee stings you but does no damage. x2
The orc priest invokes the aid of Beogh against you.
Beogh smites you!
* * * LOW HITPOINT WARNING * * *
The centaur shoots an arrow.
The arrow closely misses you. The killer bee barely misses you.
The centaur shoots an arrow.
The arrow hits you but does no damage.
The centaur shoots an arrow.
The arrow barely misses you.
The killer bee stings you but does no damage.
The killer bee barely misses you. The killer bee completely misses you.
The orc priest calls down the wrath of Beogh upon you.
Beogh smites you!
You die...

#..#####.#.##...###+
..##..........)#...#
.....>...)..........#
..........##.#..#...+
.'
............#.#..#...#
..#
............#.#..#...#
#.#
###.........#.#..#...#
#'#
#.#+#####<#.####...##..
.# #. .#..@y.o..#.#...#
.#.####.gD)...#
######...#.#...
###+#........# ..
#.............# #
#.............#
#.......<....c#
####+#+#.#....'
...#....#


You could see an acid dragon, a killer bee, an orc priest and a gnoll.

Vanquished Creatures
  A two-headed ogre (D:9)
  Menkaure (D:7)
  An acid dragon (D:9)
  A water moccasin (D:7)
  An ice beast (D:5)
  An orc warrior (D:8)
  A necrophage (D:5)
  A sky beast (D:8)
  4 centaurs
  A kobold brigand (D:7)
  A phantom (D:6)
  A scorpion (D:4)
  Dowan (D:7)
  6 killer bees (D:8)
  5 wights (D:8)
  3 centaur zombies
  A centaur skeleton (D:7)
  4 orc priests
  2 hounds
  4 jellies
  2 gnoll shamans
  3 iguanas
  3 orc wizards
  A killer bee zombie (D:8)
  A hound skeleton (D:5)
  12 gnolls
  8 adders
  2 shadow imps
  A white imp (D:8)
  An ufetubus (D:6)
  An adder skeleton (D:4)
  3 worms
  A dart slug (D:1)
  7 orcs
  3 endoplasms
  2 giant cockroaches
  6 goblins
  5 hobgoblins
  8 quokkas
  6 ball pythons
  3 frilled lizards
  5 kobolds
  A rat (D:1)
126 creatures vanquished.

Vanquished Creatures (others)
  A sky beast (D:4)
1 creature vanquished.

Grand Total: 127 creatures vanquished

Notes
Turn   | Place    | Note
-------+----------+-------------------------------------------
     0 | D:1      | ryathie the Gargoyle Fighter began the quest for the Orb.
     0 | D:1      | Reached XP level 1. HP: 14/14 MP: 1/1
    33 | D:1      | Reached skill level 2 in Axes
    77 | D:1      | Reached XP level 2. HP: 19/19 MP: 2/2
   206 | D:2      | Reached XP level 3. HP: 23/24 MP: 3/3
   239 | D:3      | Found a faded altar of an unknown god.
   273 | D:3      | Noticed Sigmund
   438 | D:3      | Reached XP level 4. HP: 29/30 MP: 4/4
   471 | D:3      | Reached skill level 3 in Axes
   755 | D:4      | Reached XP level 5. HP: 34/34 MP: 5/5
   832 | D:4      | Reached skill level 5 in Fighting
   832 | D:4      | Reached skill level 1 in Throwing
   912 | D:5      | Entered Level 5 of the Dungeon
   926 | D:5      | Reached XP level 6. HP: 24/40 MP: 6/6
   997 | D:4      | Noticed a sky beast
  1190 | D:4      | Killed a sky beast
  1435 | D:4      | Reached skill level 4 in Axes
  1486 | D:4      | Found Xukhleoz's Book Shop.
  1724 | D:5      | Reached XP level 7. HP: 33/46 MP: 7/7
  1745 | D:5      | Found a runed translucent gate.
  1745 | D:5      | Found a runed translucent gate.
  1745 | D:5      | Found a runed translucent gate.
  1745 | D:5      | Noticed psuckher's ghost (weakling TrDe)
  1746 | D:5      | Noticed DemonSlayer's ghost (novice DECj)
  1746 | D:5      | Noticed HilariousDeathArtist's ghost (amateur BaNe)
  1746 | D:5      | Noticed LobsterGuardian's ghost (novice PaFi)
  1746 | D:5      | Noticed AlmostDecent's ghost (novice DjCj)
  1838 | D:5      | Reached skill level 5 in Axes
  2574 | D:6      | Found a sacrificial altar of Ru.
  2744 | D:5      | Reached XP level 8. HP: 41/53 MP: 8/8
  3232 | D:7      | Found a staircase to the Ecumenical Temple.
  3240 | Temple   | Entered the Ecumenical Temple
  3350 | Temple   | Became a worshipper of the Shining One
  3438 | D:7      | Reached skill level 6 in Axes
  3462 | D:7      | Noticed Menkaure
  3468 | D:7      | Killed Menkaure
  3497 | D:7      | Noticed a six-headed hydra
  3797 | D:7      | Noticed Duvessa
  3797 | D:7      | Noticed Dowan
  3828 | D:7      | Killed Dowan
  3829 | D:7      | Reached skill level 7 in Axes
  4028 | D:7      | Reached * piety under the Shining One
  4031 | D:7      | Reached skill level 5 in Armour
  4175 | D:8      | Reached XP level 9. HP: 59/59 MP: 9/9
  4268 | D:8      | Noticed a hornet
  4288 | D:8      | a hornet changed into a sky beast
  4457 | D:9      | Reached skill level 8 in Axes
  4492 | D:9      | Reached ** piety under the Shining One
  4687 | D:9      | Noticed a two-headed ogre
  4695 | D:9      | Killed a two-headed ogre
  4696 | D:9      | Reached skill level 9 in Axes
  4696 | D:9      | Reached XP level 10. HP: 5/64 MP: 10/10
  4701 | D:9      | Killed from afar by an orc priest

Illustrated notes

Levels and vault maps discovered:
D:1:      dpeg_arrival_fog, layout_loops_ring
D:2:      layout_basic, amethyst_killhole, minmay_pentomino_pile
D:3:      layout_rooms, dreamdust_ecumenical_altar_statues,
          grunt_decor_resistance, uniq_sigmund
D:4:      layout_loops_ring, serial_shops, kennysheep_little_box
D:5:      layout_cave_pods, serial_park, serial_park_tiny_pond,
          serial_park_tiny_pond, serial_park_fountain, serial_park_tiny_2,
          serial_park_tiny_pond, gammafunk_ghost_cemetery, kennysheep_doodads
D:6:      nicolae_cairo_tiling_large, layout_loops_cross,
          mainiacjoe_overflow_surrounded_room
D:7:      layout_cave_pools, minmay_temple_entry_nine_rooms,
          grunt_decor_arrowhead, uniq_crazy_yiuf_cottage, uniq_menkaure,
          uniq_duvessa
D:8:      layout_rooms
D:9:      minmay_the_grid_square_5x5_3x3 [minmay_the_grid_square_5x5_hourglass,
          minmay_the_grid_square_5x5_three_small,
          minmay_the_grid_square_5x5_almost_minimal,
          minmay_the_grid_square_5x5_minimal,
          minmay_the_grid_square_5x5_megaprize_hollow,
          minmay_the_grid_square_5x5_three, minmay_the_grid_square_5x5_tie,
          minmay_the_grid_square_5x5_tri_point,
          minmay_the_grid_square_5x5_misaligned], layout_basic
Temple:   mainiacjoe_temple_hex_bubbles

Skill      XL: |  1  2  3  4  5  6  7  8  9 |
---------------+----------------------------+-----
Axes           | 2 3 4 5 7 9 |  9.3
Fighting       | 4 5 6 7 8 |  8.0
Throwing       | 1 2 |  2.0
Armour         | 5 7 |  7.6
Shields        | |  3.2

Action                   |  1- 3 |  4- 6 |  7- 9 | 10-12 || total
-------------------------+-------+-------+-------+-------++-------
Melee: War axe           |    77 |    87 |   224 |       ||   388
       Battleaxe         |       |       |    25 |       ||    25
Evoke: Wand              |       |       |     2 |       ||     2
  Use: Scroll            |     5 |     5 |     4 |       ||    14
       Potion            |       |     1 |     5 |     1 ||     7
Armor: Scale mail        |    47 |    51 |   206 |     6 ||   310
Dodge: Dodged            |    46 |    68 |   149 |     5 ||   268
Block: Buckler           |    21 |    23 |    65 |       ||   109
